 Dungeon Crawl Stone Soup version 0.30-b1-2-g02819fbbbe (webtiles) character file.

Game seed: 9665338328580025989

16 Arzdou the Sneak (level 2, 0/15 HPs)
             Began as a Kobold Enchanter on June 2, 2023.
             Slain by a hobgoblin (2 damage)
             ... led by Robin
             ... on level 2 of the Dungeon.
             The game lasted 00:01:25 (986 turns).

Arzdou the Sneak (Kobold Enchanter)                  Turns: 986, Time: 00:01:26

Health: 0/15       AC:  3    Str:  5    XL:     2   Next: 75%
Magic:  3/5        EV: 15    Int: 16    God:
Gold:   85         SH:  5    Dex: 15    Spells: 4/6 levels left

rFire   . . .        a - +1 dagger
rCold   . . .        (no shield)
rNeg    . . .        b - +0 robe
rPois   .            (no helmet)
rElec   .            (no cloak)
rCorr   .            k - +0 pair of gloves
SInv    .            (no boots)
Will    .....        d - amulet of reflection
Stlth   ++++         (no ring)
HPRegen 0.22/turn    (no ring)
MPRegen 0.09/turn

%: reflection
@: no status effects
A: small, no large weapons, nightstalker 3
a: no special abilities


You were on level 2 of the Dungeon.
You visited 1 branch of the dungeon, and saw 2 of its levels.

You collected 85 gold pieces.

Inventory:

Hand Weapons
 a - a +1 dagger (weapon)
 l - a +0 rapier
Armour
 b - a +0 robe (worn)
 k - a +0 pair of gloves (worn)
Jewellery
 d - an amulet of reflection (around neck)
Scrolls
 f - 2 scrolls of immolation {unknown}
 h - a scroll of noise {unknown}
 j - a scroll of brand weapon {unknown}
Potions
 c - 2 potions of invisibility
 e - a potion of brilliance {unknown}
 g - a potion of ambrosia {unknown}
 i - a potion of cancellation {unknown}
 m - a potion of haste {unknown}


   Skills:
 - Level 1.7 Short Blades
 - Level 2.6 Dodging
 - Level 4.2 Stealth
 + Level 2.5 Spellcasting
 + Level 3.2 Hexes


You had 4 spell levels left.
You knew the following spells:

 Your Spells              Type           Power      Damage    Failure   Level
a - Ensorcelled Hibernat  Hex/Ice        14%        N/A       16%         2

Your spell library contained the following spells:

 Spells                   Type           Power      Damage    Failure   Level
 Confusing Touch          Hex            12%        N/A       16%         3
 Tukima's Dance           Hex            12%        N/A       16%         3
 Dazzling Flash           Conj/Hex       14%        N/A       30%         3


Dungeon Overview and Level Annotations

Branches:
Dungeon (2/15)

Altars:

Shops:
D:1 *

Annotations:
D:2 Robin


Innate Abilities, Weirdness & Mutations

You are small and have problems with some larger weapons.
You are completely attuned to the shadows.


Message History

You hit the goblin.
You kill the goblin!
You completely miss the hobgoblin. The hobgoblin hits you.
A goblin comes into view. It is wielding a +0 club.
The goblin shouts!
You hit the hobgoblin.
The hobgoblin is lightly wounded.
The hobgoblin closely misses you.
You closely miss the hobgoblin.
The hobgoblin is lightly wounded.
Robin throws the goblin at you! The goblin hits you with a +0 club.
* * * LOW HITPOINT WARNING * * *
The hobgoblin misses you.
A hobgoblin comes into view.
You are too injured to fight recklessly!
You are too injured to fight recklessly!
You are too injured to fight recklessly!
You are too injured to fight recklessly!
You are too injured to fight recklessly!
You are too injured to fight recklessly!
You are too injured to fight recklessly!
You are too injured to fight recklessly!
You are too injured to fight recklessly!
You hit the goblin.
You kill the goblin!
The hobgoblin closely misses you. The hobgoblin attacks as you move away!
The hobgoblin hits you.
* * * LOW HITPOINT WARNING * * *
Things that are here:
a +0 club; a goblin corpse The hobgoblin attacks as you move away!
The hobgoblin barely misses you.
You are too injured to fight recklessly!
Casting: Ensorcelled Hibernation (safe; 16% risk of failure)
Confirm with . or Enter, or press ? or * to list all spells.
Aiming: Ensorcelled Hibernation (safe; 16% risk of failure)
Press: ? - help, Shift-Dir - straight line, f - hobgoblin
Aim: a hobgoblin (lightly wounded, strong, chance to affect: 58%)
The hobgoblin resists with significant effort.
The hobgoblin hits you.
You die...

.. . # ..###..#
.....#.# #.. .......###
#.# ..<.<....# #.# #
.>.......#######.###g##
..............@gggg)..g
..........######.####gg
........#.### #..#
...............##
......###.#### ....†#
... ...#.# #. ...... ##
#..


You could see 2 hobgoblins and 2 goblins.

Vanquished Creatures
  3 ball pythons (D:1)
  A bat (D:1)
  An endoplasm (D:1)
  A giant cockroach (D:2)
  2 goblins (D:2)
  3 hobgoblins (D:1)
  A kobold (D:1)
  2 rats (D:1)
14 creatures vanquished.

Notes
Turn   | Place    | Note
-------+----------+-------------------------------------------
     0 | D:1      | Arzdou the Kobold Enchanter began the quest for the Orb.
     0 | D:1      | Reached XP level 1. HP: 10/10 MP: 3/3
   391 | D:1      | Reached XP level 2. HP: 15/15 MP: 5/5
   499 | D:1      | Learned a level 2 spell: Ensorcelled Hibernation
   594 | D:1      | Found Ynilusch's General Store.
   973 | D:2      | Noticed Robin
   986 | D:2      | Slain by a hobgoblin

Illustrated notes

Levels and vault maps discovered:
D:1:      dpeg_arrival_oval, layout_basic, serial_shops, shop,
          dreamdust_princess_bridge
D:2:      layout_rooms, basic_altar, shapermc_ecumenical_altar_notcrosses,
          uniq_jessica, uniq_robin

Action                     || total
---------------------------++-------
  Melee: Dagger            ||    24
   Cast: Ensorcelled Hiber ||     1
   Stab: Sleeping          ||     9
  Dodge: Dodged            ||    11
  Block: Other             ||     1
